 Dungeon Crawl Stone Soup version 0.25.0-46-gbd7b0854d2 (webtiles) character file.

Game seed: 5818463109078217863

1809 Gwenloh the Slasher (level 9, 0/68 HPs)
             Began as a Human Fighter on July 14, 2020.
             Was a Believer of Zin.
             Slain by an orc warrior
             ... wielding a +1 short sword of draining
              (7 damage)
             ... on level 7 of the Dungeon on July 15, 2020.
             The game lasted 00:24:51 (6979 turns).

Gwenloh the Slasher (Human Fighter)                 Turns: 6979, Time: 00:24:52

Health: 0/68       AC: 10    Str: 18    XL:     9   Next: 31%
Magic:  11/11      EV:  8    Int: 10    God:    Zin [**....]
Gold:   261        SH:  8    Dex: 16    Spells: 8/8 levels left

rFire    . . .     SeeInvis .   E - +3 long sword
rCold    . . .     Gourm    .   c - +0 kite shield
rNeg     . . .     Faith    .   b - +0 scale mail
rPois    ∞         Spirit   .   w - +0 helmet
rElec    .         Reflect  .   (no cloak)
rCorr    .         Harm     .   a - +0 pair of gloves
MR       .....                  r - +0 pair of boots
Stlth    ..........             (no amulet)
HPRegen  0.21/turn              j - ring of wizardry
MPRegen  0.12/turn              (no ring)

@: vitalised, heavily drained
A: no striking features
a: Recite, Vitalisation, Donate Gold, Renounce Religion


You were on level 7 of the Dungeon.
You worshipped Zin.
Zin was pleased with you.
You were hungry.

You visited 1 branch of the dungeon, and saw 7 of its levels.

You collected 405 gold pieces.
You spent 104 gold pieces at shops.
You donated 40 gold pieces to Zin.

Inventory:

Hand Weapons
 A - the +11 plutonium sword {*Contam Stlth-}
   (You took it off a hobgoblin on level 3 of the Dungeon)

   It causes magical contamination when unequipped.
   It makes you less stealthy.
   Zin disapproves of the use of such an item.
 E - a +3 long sword (weapon)
Missiles
 u - 194 stones
 D - 4 boomerangs (quivered)
Armour
 a - a +0 pair of gloves (worn)
 b - a +0 scale mail (worn)
 c - a +0 kite shield (worn)
 r - a +0 pair of boots (worn)
 w - a +0 helmet (worn)
Jewellery
 j - a ring of wizardry (left hand)
Wands
 x - a wand of paralysis (6)
Scrolls
 g - 4 scrolls of amnesia
 i - a scroll of fog
 m - a scroll of random uselessness
 o - 2 scrolls of magic mapping
 p - a scroll of blinking {unknown}
 q - 3 scrolls of remove curse {unknown}
 t - a scroll of teleportation
 v - a scroll of enchant armour {unknown}
 y - 2 scrolls of enchant weapon
 z - 2 scrolls of fear
 B - 2 scrolls of immolation {unknown}
 C - a scroll of identify
Potions
 d - 2 potions of might
 e - a potion of flight
 h - a potion of mutation
 k - a potion of heal wounds
 l - a potion of degeneration {unknown}
 n - a potion of curing {unknown}
 s - a potion of resistance {unknown}
Comestibles
 f - 7 rations
 F - 4 chunks of flesh


   Skills:
 + Level 5.4(2.8) Fighting
 * Level 6.7(4.1) Long Blades
 + Level 5.8(3.2) Armour
 + Level 4.3(1.8) Dodging
 - Level 3.7(1.3) Shields
 + Level 3.9(1.4) Evocations


You had 8 spell levels left.
You didn't know any spells.
Your spell library was empty.

Dungeon Overview and Level Annotations

Branches:
Dungeon (7/15)
 Temple: D:4-7

Altars:
Dithmenos
Fedhas
Makhleb
Nemelex Xobeh
Ru
Zin

Shops:
D:5 ?

Annotations:
D:4 1 runed translucent door, Farlane's ghost, amateur HuFi


Message History

You hit the orc warrior.
The orc warrior is lightly wounded.
You block the orc warrior's attack.
You slash the orc warrior!
The orc warrior is heavily wounded.
The orc warrior hits you with a +1 short sword of draining.
You feel drained. You block the orc warrior's attack.
You closely miss the orc warrior.
The orc warrior is heavily wounded.
You block the orc warrior's attack.
You barely miss the orc warrior.
The orc warrior is heavily wounded.
The orc warrior hits you with a +1 short sword of draining!
* * * LOW HITPOINT WARNING * * *
You feel drained.
* * * LOW HITPOINT WARNING * * *
You barely miss the orc warrior.
The orc warrior is heavily wounded.
The orc warrior hits you with a +1 short sword of draining!
You die...

#....##..
####.##.#
#.##.#
#.##.#
#.##.# #
#.##.#.#
#.##.#.##
#.÷÷....#
####@#..#
#o# # #?#
... ###


You could see an orc warrior.

Vanquished Creatures
  Pikel (D:5)
  An ice beast (D:7)
  A centaur (D:4)
  A big kobold (D:3)
  A wyvern zombie (D:5)
  A scorpion (D:5)
  4 wights
  2 howler monkeys (D:6)
  A crimson imp (D:6)
  A jelly (D:5)
  2 hounds (D:4)
  2 orc priests
  8 orc wizards
  An iguana (D:5)
  4 worker ants
  A howler monkey zombie (D:6)
  Robin (D:2)
  5 gnolls
  6 adders
  A shadow imp (D:6)
  2 worms
  4 dart slugs
  6 leopard geckos
  23 orcs
  9 bats
  4 giant cockroaches (D:3)
  17 goblins
  12 hobgoblins
  9 jackals
  3 quokkas
  3 kobolds
  A leopard gecko zombie (D:5)
  6 rats
144 creatures vanquished.

Vanquished Creatures (others)
  A killer bee zombie (D:5)
  A hound skeleton (D:5)
2 creatures vanquished.

Grand Total: 146 creatures vanquished

Notes
Turn   | Place    | Note
-------+----------+-------------------------------------------
     0 | D:1      | Gwenloh the Human Fighter began the quest for the Orb.
     0 | D:1      | Reached XP level 1. HP: 18/18 MP: 1/1
   196 | D:1      | Reached XP level 2. HP: 24/24 MP: 2/2
   244 | D:1      | Found a sparkling altar of Nemelex Xobeh.
   369 | D:1      | Reached XP level 3. HP: 29/29 MP: 3/3
  1145 | D:2      | Reached XP level 4. HP: 34/35 MP: 4/4
  1453 | D:2      | Reached skill level 1 in Dodging
  1518 | D:2      | Noticed Robin
  1556 | D:2      | Killed Robin
  1920 | D:3      | Reached XP level 5. HP: 41/41 MP: 5/5
  1945 | D:3      | Found a burning altar of Makhleb.
  1947 | D:3      | Noticed an Executioner
  2471 | D:3      | You fall into a shaft and drop 1 floor!
  2472 | D:4      | Found a runed translucent door.
  2479 | D:4      | Reached skill level 3 in Long Blades
  2493 | D:4      | Reached XP level 6. HP: 40/47 MP: 6/6
  2496 | D:4      | Reached skill level 1 in Evocations
  2624 | D:4      | Reached XP level 7. HP: 24/53 MP: 8/8
  2636 | D:4      | Reached skill level 4 in Long Blades
  3336 | D:4      | Noticed Farlane's ghost (amateur HuFi)
  3828 | D:3      | Found a glowing silver altar of Zin.
  3828 | D:3      | Found a blossoming altar of Fedhas.
  3836 | D:3      | Became a worshipper of Zin the Law-Giver
  3836 | D:3      | Reached * piety under Zin
  3886 | D:5      | Entered Level 5 of the Dungeon
  3903 | D:5      | Was placed under penance by Zin
  4002 | D:5      | Was forgiven by Zin
  4043 | D:5      | Noticed Pikel
  4063 | D:5      | Found Acual's Magic Scroll Shop.
  4237 | D:5      | Reached ** piety under Zin
  4265 | D:5      | Found a sacrificial altar of Ru.
  4503 | D:5      | Killed Pikel
  4503 | D:5      | Reached skill level 5 in Long Blades
  4503 | D:5      | Reached skill level 5 in Armour
  4503 | D:5      | Reached XP level 8. HP: 44/61 MP: 8/10
  4604 | D:5      | Bought 2 scrolls of identify for 52 gold pieces
  4604 | D:5      | Bought a scroll of identify for 26 gold pieces
  4604 | D:5      | Bought a scroll of identify for 26 gold pieces
  4962 | D:5      | HP: 3/61 [poisoned by an orc wizard]
  4968 | D:5      | HP: 2/61 [poisoned by an orc wizard]
  4976 | D:5      | HP: 2/61 [poisoned by an orc wizard]
  5548 | D:6      | Reached skill level 6 in Long Blades
  5784 | D:6      | Reached skill level 5 in Fighting
  5829 | D:6      | Found a shadowy altar of Dithmenos.
  5891 | D:6      | Reached XP level 9. HP: 53/68 MP: 11/11
  6979 | D:7      | Slain by an orc warrior

Illustrated notes

Levels and vault maps discovered:
D:1:      evilmike_arrival_plus, layout_loops_ring,
          nemelex_xobeh_ov_fountains_minmay
D:2:      layout_loops_ring, corexii_corridor_pit, uniq_robin
D:3:      minmay_diamond_boxcup, layout_basic, makhleb_altar_promises_db,
          chequers_temple_overflow_statue_of_worship
D:4:      layout_rooms, first_ration, ebering_ghost_reflecting_pool,
          abandoned_shop, minmay_ruptured
D:5:      layout_cave_pods, kennysheep_mini, serial_shops,
          nicolae_shop_statue_plus, minmay_misc_feat_rows, uniq_pikel
D:6:      layout_basic, serial_curves, eino_curves_03, eino_curves_04,
          eino_curves_02, grunt_dithmenos_smoke_and_mirrors
D:7:      layout_loops_ring, minmay_temple_entry_drinking_statues

Skill      XL: |  1  2  3  4  5  6  7  8  9 |
---------------+----------------------------+-----
Dodging        | 1 2 3 4 |  4.3
Long Blades    | 3 5 6 |  6.7
Armour         | 4 5 |  5.8
Evocations     | 1 3 |  3.9
Fighting       | 4 5 |  5.4
Shields        | |  3.7

Action                   |  1- 3 |  4- 6 |  7- 9 || total
-------------------------+-------+-------+-------++-------
Melee: Long sword        |    75 |   111 |   225 ||   411
       Triple sword      |       |    37 |    49 ||    86
 Fire: Hunting sling     |       |     3 |       ||     3
Throw: Stone             |       |       |     3 ||     3
       Boomerang         |       |       |     5 ||     5
Invok: Vitalisation      |       |       |     7 ||     7
       Recite            |       |       |     3 ||     3
  Use: Scroll            |       |       |     8 ||     8
       Potion            |       |       |     4 ||     4
 Stab: Confused          |       |       |     2 ||     2
  Eat: Chunk             |       |     6 |     7 ||    13
       Ration            |       |       |     2 ||     2
Armor: Scale mail        |    24 |    94 |   136 ||   254
Dodge: Dodged            |    23 |    88 |   117 ||   228
Block: Kite shield       |    39 |    54 |    99 ||   192
       Rpst.: Long sword |    12 |    14 |    18 ||    44
       Triple sword      |       |     9 |    10 ||    19
